 Dungeon Crawl Stone Soup version 0.19-a0-1111-gcceb26a (webtiles) character file.

4403 mistymad the Thaumaturge (level 10, -2/60 HPs)
             Began as a Deep Elf Fire Elementalist on Aug 11, 2016.
             Was an Initiate of Sif Muna.
             Slain by a fire elemental (11 damage)
             ... on level 1 of the Lair of Beasts.
             The game lasted 00:33:31 (11493 turns).

mistymad the Thaumaturge (DEFE)                    Turns: 11493, Time: 00:33:33

Health: -2/60      AC: 11    Str: 11    XL:     10   Next: 14%
Magic:  25/25      EV: 13    Int: 24    God:    Sif Muna [......]
Gold:   149        SH:  5    Dex: 15    Spells: 6 memorised, 9 levels left

rFire  . . .     SeeInvis .     N - +3 hunting sling (freeze)
rCold  . . .     Gourm    .     a - +0 robe
rNeg   . . .     Faith    .     l - +0 buckler
rPois  .         Spirit   .     V - +2 helmet
rElec  .         Dismiss  .     X - +2 cloak
rCorr  .         Reflect  .     s - +1 pair of gloves
SustAt .         Harm     .     W - +0 pair of boots
MR     +....                    (no amulet)
Stlth  ++........               j - +6 ring of strength
                                D - ring of wizardry

@:
A: no striking features
a: Renounce Religion


You were on level 1 of the Lair of Beasts.
You worshipped Sif Muna.
Sif Muna was noncommittal.
You were not hungry.

You visited 3 branches of the dungeon, and saw 10 of its levels.

You collected 485 gold pieces.
You spent 336 gold pieces at shops.

Inventory:

Hand Weapons
 y - a +1 dagger of speed
 J - a +2 dagger of protection
 N - a +3 hunting sling of freezing (weapon)
Missiles
 e - 259 stones (quivered)
 n - 48 poisoned needles
 O - 2 throwing nets
Armour
 a - a +0 robe (worn)
 l - a +0 buckler (worn)
 s - a +1 pair of gloves (worn)
 V - a +2 helmet (worn)
 W - a +0 pair of boots (worn)
 X - a +2 cloak (worn)
Magical Staves
 u - an uncursed staff of power
Jewellery
 j - a +6 ring of strength (right hand)
 v - an uncursed ring of sustain attributes
 D - a ring of wizardry (left hand)
 R - an uncursed amulet of dismissal {unknown}
Wands
 q - a wand of teleportation (7/9)
 z - a wand of slowing (17/48)
 E - a wand of slowing (23/48)
 G - a wand of digging (10/24)
 I - a wand of disintegration (13/24)
 L - a wand of iceblast (5/15)
 M - a wand of confusion (29/48)
Scrolls
 g - 5 scrolls of blinking
 h - 7 scrolls of identify
 k - 5 scrolls of teleportation
 t - 2 scrolls of fear
 B - 3 scrolls of amnesia
 H - 2 scrolls of remove curse
Potions
 d - 2 potions of ambrosia
 f - a potion of cure mutation
 i - a potion of haste
 r - a potion of invisibility {unknown}
 w - 2 potions of resistance {unknown}
 A - 2 potions of might {unknown}
 C - a potion of degeneration {unknown}
 F - a potion of brilliance {unknown}
 P - a potion of mutation {unknown}
 S - 2 potions of curing
 T - a potion of lignification {unknown}
Books
 b - a book of Flames

   Spells                             Type                      Level
   a - Flame Tongue                   Conjuration/Fire             1
   b - Throw Flame                    Conjuration/Fire             2
   c - Conjure Flame                  Conjuration/Fire             3
   d - Inner Flame                    Hexes/Fire                   3
   e - Sticky Flame                   Conjuration/Fire             4
   f - Fireball                       Conjuration/Fire             5
Comestibles
 c - 10 bread rations
 m - 4 fruits
 o - 7 beef jerkies
 K - a meat ration


   Skills:
 + Level 5.6 Fighting
 - Level 2.4 Dodging
 - Level 2.4 Stealth
 + Level 3.6 Shields
 + Level 9.4 Spellcasting
 + Level 8.1 Conjurations
 + Level 8.3 Fire Magic


You had 9 spell levels left.
You knew the following spells:

 Your Spells              Type           Power        Failure   Level  Hunger
a - Flame Tongue          Conj/Fire      #####        1%          1    None
b - Throw Flame           Conj/Fire      ######       1%          2    None
c - Conjure Flame         Conj/Fire      ######..     1%          3    None
d - Inner Flame           Hex/Fire       ####....     1%          3    None
e - Sticky Flame          Conj/Fire      ######..     1%          4    ##.....
f - Fireball              Conj/Fire      ######....   2%          5    ####...


Dungeon Overview and Level Annotations

Branches:
Dungeon (8/15)             Temple (1/1) D:7            Lair (1/6) D:8

Altars:
Ashenzari
Cheibriados
Dithmenos
Elyvilon
Fedhas
Gozag
Hepliaklqana
Kikubaaqudgha
Makhleb
Nemelex Xobeh
Okawaru
Pakellas
Qazlal
Ru
Sif Muna
Trog
Uskayaw
Vehumet
Xom
Yredelemnul
Zin
The Shining One

Shops:
D:6 *   D:8 [


Message History

You take 11 damage, and have 16/60 hp.
You feel much better. The fire elemental closely misses you.
The fire elemental hits you. The fire elemental burns you!
You regained 5 hp, and now have 21/60 hp.
Firing (i - inventory. (,) - cycle):
e - 261 stones (quivered)
Press: ? - help, Shift-Dir - straight line, f/p - fire elemental
Aim: a fire elemental (heavily damaged)
You shoot a stone.
The stone barely misses the fire elemental.
The fire elemental barely misses you.
Firing (i - inventory. (,) - cycle):
e - 260 stones (quivered)
Press: ? - help, Shift-Dir - straight line, f/p - fire elemental
Aim: a fire elemental (heavily damaged)
You shoot a stone. The stone hits the fire elemental.
The stone freezes the fire elemental.
The fire elemental is heavily damaged.
The fire elemental hits you. The fire elemental burns you!
* * * LOW HITPOINT WARNING * * *
The fire elemental hits you. The fire elemental burns you!
You die...

##################
##..............<..
#................P#
#..#####P≈≈#.#..##§
##@##≈≈≈≈≈≈≈##..##§
#E##≈≈≈≈≈≈≈≈...#≈§
##.##≈≈≈≈≈≈≈≈...##≈
#..##≈≈≈≈≈≈≈##..P#≈
##.P#≈≈≈≈≈≈≈≈#..##≈
#.(##≈≈≈≈≈≈≈##..###
##.###########..#.#
#(######. #(.......


You could see a fire elemental.

Vanquished Creatures
  Eustachio (D:5)
  2 hippogriffs (D:8)
  Duvessa (D:5)
  A water moccasin (D:6)
  An ice beast (D:7)
  3 phantoms
  3 black bears
  A sky beast (D:6)
  6 ogres
  2 centaurs
  3 giant frogs
  Blork the orc (D:5)
  Dowan (D:5)
  7 killer bees (D:8)
  5 electric eels (D:6)
  3 howler monkeys (D:8)
  4 crimson imps
  A quasit (D:7)
  2 centaur skeletons
  A giant frog skeleton (D:4)
  A giant frog zombie (D:6)
  A gnoll shaman (D:5)
  Crazy Yiuf (D:5)
  5 orc priests
  2 hounds
  A jelly (D:6)
  7 orc wizards
  4 iguanas
  9 worker ants
  A hound skeleton (D:7)
  10 adders
  15 gnolls
  A howler monkey skeleton (D:4)
  2 shadow imps
  2 oozes
  An adder skeleton (D:4)
  3 worms (D:2)
  A dart slug (D:2)
  8 giant geckos
  17 orcs
  4 ball pythons
  9 bats
  7 giant cockroaches
  7 goblins
  6 hobgoblins
  4 jackals
  9 kobolds
  4 quokkas
  A giant gecko zombie (D:7)
  4 giant newts
  4 rats
200 creatures vanquished.

Vanquished Creatures (others)
  A fungus (D:5)
1 creature vanquished.

Grand Total: 201 creatures vanquished

Notes
Turn   | Place    | Note
-------+----------+-------------------------------------------
     0 | D:1      | mistymad the Deep Elf Fire Elementalist began the quest for the Orb.
     0 | D:1      | Reached XP level 1. HP: 10/10 MP: 6/6
   326 | D:1      | Reached XP level 2. HP: 11/15 MP: 0/8
   561 | D:1      | Learned a level 2 spell: Throw Flame
  1012 | D:2      | Reached XP level 3. HP: 20/20 MP: 2/10
  1176 | D:2      | Reached skill level 1 in Fighting
  1338 | D:2      | Found a hazy altar of Hepliaklqana.
  1339 | D:2      | Found a shimmering altar of Xom.
  1339 | D:2      | Noticed an insubstantial wisp
  1340 | D:2      | Noticed a spectral ugly thing
  1340 | D:2      | Noticed an insubstantial wisp
  1585 | D:2      | Reached XP level 4. HP: 24/25 MP: 7/11
  1695 | D:2      | Reached skill level 4 in Spellcasting
  1828 | D:2      | Learned a level 3 spell: Conjure Flame
  1832 | D:2      | Learned a level 3 spell: Inner Flame
  2633 | D:4      | Reached XP level 5. HP: 20/30 MP: 9/13
  2748 | D:4      | Noticed a black bear
  2754 | D:4      | Killed a black bear
  3341 | D:4      | Learned a level 4 spell: Sticky Flame
  3417 | D:4      | Reached XP level 6. HP: 35/35 MP: 9/15
  3550 | D:4      | Reached skill level 5 in Spellcasting
  3550 | D:4      | Reached skill level 5 in Fire Magic
  4459 | D:4      | Reached XP level 7. HP: 40/40 MP: 3/17
  4828 | D:5      | Entered Level 5 of the Dungeon
  4828 | D:5      | Noticed Blork the orc
  4872 | D:5      | Noticed Duvessa
  4872 | D:5      | Noticed Dowan
  4883 | D:5      | Killed Duvessa
  4883 | D:5      | Killed Dowan
  5052 | D:5      | Killed Blork the orc
  5052 | D:5      | Reached skill level 6 in Spellcasting
  5065 | D:5      | Reached skill level 5 in Conjurations
  5399 | D:5      | Reached XP level 8. HP: 22/46 MP: 11/19
  5596 | D:5      | Found a runed door.
  5615 | D:5      | Noticed Crazy Yiuf
  5619 | D:5      | Killed Crazy Yiuf
  5981 | D:5      | Reached skill level 7 in Spellcasting
  6125 | D:5      | Learned a level 5 spell: Fireball
  6466 | D:5      | Found a deep blue altar of Sif Muna.
  6466 | D:5      | Found a shattered altar of Ashenzari.
  7211 | D:5      | Noticed Eustachio
  7231 | D:5      | Killed Eustachio
  7231 | D:5      | Reached skill level 1 in Shields
  7717 | D:6      | Found Punweobb's Serpentskin Sales.
  7725 | D:6      | Reached XP level 9. HP: 50/52 MP: 22/22
  7901 | D:6      | Reached skill level 8 in Spellcasting
  8106 | D:6      | Found a white marble altar of Elyvilon.
  9103 | D:7      | Reached skill level 5 in Fighting
  9740 | D:7      | Found a staircase to the Ecumenical Temple.
  9788 | D:7      | Found an oddly glowing altar of Pakellas.
  9842 | Temple   | Entered the Ecumenical Temple
 10002 | D:5      | Became a worshipper of Sif Muna the Loreminder
 10365 | D:8      | Reached skill level 9 in Spellcasting
 10665 | D:8      | Reached XP level 10. HP: 57/59 MP: 10/25
 10895 | D:8      | Found a staircase to the Lair.
 10900 | D:8      | Found Fuesei's Antique Armour Shop.
 11311 | D:8      | Found an opulent altar of Gozag.
 11312 | D:8      | Found a glowing silver altar of Zin.
 11382 | D:8      | Bought a shiny helmet for 112 gold pieces
 11382 | D:8      | Bought a pair of boots for 112 gold pieces
 11382 | D:8      | Bought an embroidered cloak for 112 gold pieces
 11419 | Lair:1   | Entered Level 1 of the Lair of Beasts
 11493 | Lair:1   | Slain by a fire elemental

Vault maps used:
D:1:      lemuel_arrival_muddy, hangedman_abyss_or_decor_lesser_grid
D:2:      regret_index_temple_of_mockery
D:5:      amethyst_overflow_temple_binary, first_bread, uniq_duvessa,
          uniq_eustachio, uniq_crazy_yiuf_cottage, uniq_blork_the_orc
D:6:      wad_lake_hut, lemuel_doored_altar, serial_corexii_hall,
          corexii_hall_statues_i, corexii_hall_statues_t,
          corexii_hall_statues_x, corexii_hall_statues_i, guppyfry_shop_venom
D:7:      lemuel_crystal_altar
D:8:      grunt_temple_overflow_gold_and_silver, lair_0_dummy, serial_shops,
          nicolae_shop_crystal, grunt_ogre_cave, minmay_strange_pillars
Temple:   zaba_magenta_temple
Lair:1:   guppyfry_lair_drakes

Skill      XL: |  1  2  3  4  5  6  7  8  9 10 |
---------------+-------------------------------+-----
Fighting       | 1 2 3 4 5 |  5.6
Conjurations   | 2 3 4 5 6 7 8 |  8.1
Spellcasting   | 4 5 6 7 9 |  9.4
Fire Magic     | 4 5 6 7 8 |  8.3
Shields        | 1 3 |  3.6
Dodging        | |  2.4
Stealth        | |  2.4

Action                   |  1- 3 |  4- 6 |  7- 9 | 10-12 || total
-------------------------+-------+-------+-------+-------++-------
Melee: Unarmed           |     2 |       |       |       ||     2
       Quarterstaff      |       |     1 |       |       ||     1
       Dagger            |       |     8 |     1 |       ||     9
       Spear             |       |     3 |       |       ||     3
       Staff             |       |       |     2 |       ||     2
 Fire: Hunting sling     |       |       |    12 |    22 ||    34
Throw: Stone             |       |       |       |     7 ||     7
 Cast: Flame Tongue      |    70 |    90 |   166 |     2 ||   328
       Throw Flame       |     3 |     7 |    64 |    16 ||    90
       Conjure Flame     |       |    13 |    34 |     3 ||    50
       Inner Flame       |       |     4 |    18 |     3 ||    25
       Fireball          |       |       |    10 |     2 ||    12
       Sticky Flame      |       |       |     5 |       ||     5
  Use: Scroll            |       |     7 |     6 |       ||    13
       Potion            |       |       |     2 |     4 ||     6
  Eat: Chunk             |     2 |     9 |    21 |     4 ||    36
Armor: Robe              |       |     4 |    20 |    21 ||    45
Dodge: Dodged            |    15 |    30 |    49 |    40 ||   134
Block: Buckler           |       |       |       |     5 ||     5
